 Dungeon Crawl Stone Soup version 0.27-a0-287-gd4424db430 (webtiles) character file.

Game seed: 18012785959092327687

4277 lunkers the Geomancer (level 10, -1/81 HPs)
             Began as an Ogre Earth Elementalist on Feb 8, 2021.
             Was a Believer of Vehumet.
             Slain by a yak (3 damage)
             ... on level 8 of the Dungeon.
             The game lasted 00:09:33 (9566 turns).

lunkers the Geomancer (Ogre Earth Elementalist)     Turns: 9566, Time: 00:09:34

Health: -1/81      AC:  3    Str: 20    XL:     10   Next: 31%
Magic:  12/23      EV: 10    Int: 19    God:    Vehumet [**....]
Gold:   757        SH:  0    Dex:  9    Spells: 22/28 levels left

rFire    . . .     SeeInvis +   r - +8 mace of Due Proportion {vorpal, SInv}
rCold    . . .     Faith    .   (no shield)
rNeg     . . .     Spirit   .   c - +0 robe
rPois    .         Reflect  .   (helmet restricted)
rElec    .         Harm     .   (no cloak)
rCorr    .         Rampage  .   (gloves unavailable)
Will     +....                  (boots unavailable)
Stlth    +.........             p - amulet of magic regeneration
HPRegen  0.23/turn              s - +6 ring of strength
MPRegen  0.43/turn              (no ring)

@: studying Armour
A: large, unfitting armour, tough skin 1
a: Renounce Religion


You were on level 8 of the Dungeon.
You worshipped Vehumet.
Vehumet was pleased with you.
You visited 1 branch of the dungeon, and saw 9 of its levels.

You collected 757 gold pieces.

Inventory:

Hand Weapons
 r - the +8 mace of Due Proportion (weapon) {vorpal, SInv}
   (You found it on level 4 of the Dungeon)

   It inflicts extra damage upon your enemies.
   It lets you see invisible.
Missiles
 b - 136 stones
Armour
 c - a +0 robe (worn)
Jewellery
 h - an uncursed ring of fire
 p - an amulet of magic regeneration (around neck)
 s - a +6 ring of strength (left hand)
Wands
 v - a wand of digging (7)
 x - a wand of acid (13)
 D - a wand of paralysis (2)
Scrolls
 a - a scroll of enchant weapon {unknown}
 e - 5 scrolls of remove curse
 f - 7 scrolls of identify {unknown}
 j - 2 scrolls of magic mapping {unknown}
 k - 2 scrolls of immolation {unknown}
 l - 3 scrolls of teleportation {unknown}
 m - a scroll of blinking {unknown}
 o - a scroll of fog {unknown}
 u - a scroll of fear {unknown}
 y - a scroll of random uselessness {unknown}
 z - a scroll of acquirement {unknown}
 A - a scroll of amnesia {unknown}
 B - a scroll of noise {unknown}
Potions
 d - 2 potions of might {unknown}
 g - a potion of lignification {unknown}
 i - 3 potions of heal wounds
 n - a potion of degeneration {unknown}
 q - 3 potions of curing {unknown}
 t - 2 potions of magic {unknown}
 w - a potion of attraction {unknown}
 C - a potion of mutation {unknown}


   Skills:
 - Level 1.7 Dodging
 - Level 1.4 Stealth
 + Level 9.6 Spellcasting
 - Level 0.8 Transmutations
 * Level 11.2 Earth Magic


You had 22 spell levels left.
You knew the following spells:

 Your Spells              Type           Power        Failure   Level
a - Stone Arrow           Conj/Erth      60%          2%          3
b - Passwall              Tmut/Erth      26%          1%          2
c - Sandblast             Erth           100%         1%          1

Your spell library contained the following spells:

 Spells                   Type           Power        Failure   Level
 Foxfire                  Conj/Fire      36%          8%          1
 Lee's Rapid Deconstruct  Erth           25%          2%          5
 Petrify                  Tmut/Erth      32%          6%          4
 Magic Dart               Conj           36%          8%          1
 Shock                    Conj/Air       36%          8%          1
 Blink                    Tloc           N/A          12%         2
 Call Imp                 Summ           9%           12%         2
 Slow                     Hex            9%           12%         2
 Swiftness                Air            9%           12%         2
 Confusing Touch          Hex            9%           24%         3
 Conjure Flame            Conj/Fire      9%           24%         3
 Gell's Gravitas          Tloc           4%           24%         3
 Mephitic Cloud           Conj/Pois/Air  9%           24%         3
 Static Discharge         Conj/Air       9%           24%         3
 Airstrike                Air            4%           61%         4
 Yara's Violent Unravell  Hex/Tmut       5%           87%         5
 Lightning Bolt           Conj/Air       4%           91%         5
 Metabolic Englaciation   Hex/Ice        4%           91%         5


Dungeon Overview and Level Annotations

Branches:
Dungeon (9/15)             Temple (0/1) D:7
   Lair: D:8-11         Orc: D:9-12

Altars:
Cheibriados
Elyvilon
Fedhas
Makhleb
Nemelex Xobeh
Qazlal
Ru
Sif Muna
Uskayaw
Vehumet
Yredelemnul
Zin
The Shining One

Shops:
D:5 **   D:6 (

Annotations:
D:6 Prince Ribbit
D:8 1 runed translucent door


Innate Abilities, Weirdness & Mutations

You are too large for most types of armour.
You have tough skin. (AC +1)


Message History

The yak gores you.
* * * LOW HITPOINT WARNING * * *
The yak gores you!
* * * LOW HITPOINT WARNING * * *
The yak barely misses you.
You climb upwards.
Level annotation: 1 runed translucent door
There is a stone staircase leading down here.
Unknown command.
Casting: Stone Arrow (mildly dangerous; 2% risk of failure)
Confirm with . or Enter, or press ? or * to list all spells.
Aiming: Passwall (safe; 1% risk of failure)
Press: ? - help, Dir - move target A rock wall.
The yak gores you.
* * * LOW HITPOINT WARNING * * *
The yak gores you!
* * * LOW HITPOINT WARNING * * *
The yak gores you.
You die...

.# #>########### ##.###.##...)#.#
.###.#.........###.###...#.##...#
###[...#######.#.#.##..#...####.#
.......# #.#.#...#...### #.#
###....# #.#.##############.#
#......# #...# #........#
#.####.# #.################.# #.#
#.# #.#YY..............# ..#
#.#######.#@################ ###
#.........#Y# #####.#####[#
#.......# #.####### #.# #.#
#################### #.#
#................... #.#
#.##################


You could see 3 yaks.

Vanquished Creatures
  Pikel (D:5)
  A hornet (D:7)
  A yak (D:9)
  Menkaure (D:6)
  A water moccasin (D:7)
  2 ice beasts
  A necrophage (D:7)
  An ogre (D:7)
  4 centaurs
  2 lemures
  4 bullfrogs
  Blork the orc (D:6)
  3 scorpions
  4 killer bees (D:8)
  8 wights
  A howler monkey (D:6)
  7 crimson imps (D:8)
  3 bullfrog zombies
  4 hounds
  2 jellies
  2 centaur skeletons
  An orc priest (D:6)
  An iguana (D:7)
  7 orc wizards
  5 worker ants
  Robin (D:2)
  A worker ant zombie (D:5)
  14 adders
  7 gnolls
  A shadow imp (D:4)
  4 white imps
  An ooze (D:2)
  2 adder zombies (D:6)
  An adder skeleton (D:6)
  A dart slug (D:1)
  5 leopard geckos
  22 orcs
  4 giant cockroaches
  17 goblins
  9 hobgoblins
  5 jackals
  3 quokkas
  7 bats
  6 frilled lizards
  A jackal skeleton (D:6)
  A kobold (D:1)
  3 leopard gecko skeletons
  A quokka zombie (D:5)
  2 rats (D:2)
187 creatures vanquished.

Notes
Turn   | Place    | Note
-------+----------+-------------------------------------------
     0 | D:1      | lunkers the Ogre Earth Elementalist began the quest for the
                  | Orb.
     0 | D:1      | Reached XP level 1. HP: 16/16 MP: 3/3
    86 | D:1      | Reached skill level 3 in Earth Magic
    86 | D:1      | Reached XP level 2. HP: 12/24 MP: 0/5
   785 | D:1      | Reached XP level 3. HP: 31/31 MP: 4/7
  1263 | D:2      | Found a stormy altar of Qazlal.
  1271 | D:2      | Noticed Robin
  1449 | D:2      | Reached XP level 4. HP: 37/39 MP: 5/9
  1726 | D:2      | Reached skill level 4 in Earth Magic
  1803 | D:2      | Killed Robin
  2327 | D:2      | Reached XP level 5. HP: 37/45 MP: 4/10
  2696 | D:2      | Learned a level 2 spell: Passwall
  2700 | D:2      | Learned a level 3 spell: Stone Arrow
  2777 | D:2      | Found a sparkling altar of Nemelex Xobeh.
  3344 | D:4      | Found a hide-covered altar of Uskayaw.
  3361 | D:4      | Got a sapphire mace
  3362 | D:4      | Identified the +8 mace of Due Proportion {vorpal, SInv}
                  | (You found it on level 4 of the Dungeon)
  3367 | D:4      | Reached skill level 5 in Earth Magic
  3379 | D:4      | Reached XP level 6. HP: 26/53 MP: 8/12
  3736 | D:4      | Found a sparkling altar of Nemelex Xobeh.
  3736 | D:4      | Found a shimmering blue altar of Sif Muna.
  3744 | D:4      | Found a faded altar of an unknown god.
  3746 | D:4      | Found a glowing golden altar of the Shining One.
  3748 | D:4      | Found a white marble altar of Elyvilon.
  4451 | D:4      | Reached skill level 5 in Spellcasting
  4451 | D:4      | Reached XP level 7. HP: 59/59 MP: 8/14
  4581 | D:4      | Reached skill level 6 in Earth Magic
  4700 | D:5      | Entered Level 5 of the Dungeon
  5290 | D:5      | Found a basalt altar of Yredelemnul.
  5309 | D:5      | Found a radiant altar of Vehumet.
  5309 | D:5      | Found a snail-covered altar of Cheibriados.
  5312 | D:5      | Found a burning altar of Makhleb.
  5353 | D:5      | Found Zin's Purification Station.
  5357 | D:5      | Found a glowing silver altar of Zin.
  5440 | D:5      | Reached skill level 7 in Earth Magic
  5440 | D:5      | Reached XP level 8. HP: 64/67 MP: 0/17
  5468 | D:5      | Became a worshipper of Vehumet
  5565 | D:5      | Found Siublon's Assorted Antiques.
  5949 | D:6      | Noticed Pikel
  6174 | D:5      | Killed Pikel
  6175 | D:5      | Reached skill level 8 in Earth Magic
  6387 | D:6      | Reached XP level 9. HP: 44/74 MP: 0/20
  6691 | D:6      | Found Dunnaas's Weapon Boutique.
  6951 | D:6      | Found a blossoming altar of Fedhas.
  6952 | D:6      | Noticed Blork the orc
  6969 | D:6      | Killed Blork the orc
  6970 | D:6      | Reached skill level 9 in Earth Magic
  7048 | D:6      | Noticed Prince Ribbit
  7300 | D:6      | Noticed Menkaure
  7305 | D:6      | Killed Menkaure
  7699 | D:7      | Reached * piety under Vehumet
  7699 | D:7      | Offered knowledge of Shock by Vehumet.
  7885 | D:7      | Found a staircase to the Ecumenical Temple.
  7999 | D:7      | Reached skill level 10 in Earth Magic
  8178 | D:7      | Found a sacrificial altar of Ru.
  8178 | D:7      | Noticed a hornet
  8181 | D:7      | Killed a hornet
  8667 | D:8      | Reached XP level 10. HP: 78/81 MP: 7/23
  8918 | D:8      | Reached ** piety under Vehumet
  8919 | D:8      | Reached skill level 11 in Earth Magic
  8964 | D:8      | Offered knowledge of Foxfire by Vehumet.
  9280 | D:8      | Noticed a deep elf knight
  9280 | D:8      | Noticed a boulder beetle
  9280 | D:8      | Noticed a black mamba
  9281 | D:8      | Found a runed translucent door.
  9282 | D:8      | Noticed a deep elf zephyrmancer
  9283 | D:8      | Noticed an orc high priest
  9523 | D:8      | Noticed a bunyip
  9566 | D:8      | HP: 2/81 [yak (8)]
  9566 | D:8      | Slain by a yak

Illustrated notes

Levels and vault maps discovered:
D:1:      minmay_arrival_five_plusses, layout_basic
D:2:      lemuel_upstairs_altar, layout_basic, nicolae_qazlal_general_emergency,
          uniq_robin
D:3:      layout_basic
D:4:      layout_basic, eat_drink_and_be_merry_uskayaw,
          chequers_temple_overflow_minitemple, serial_glass, glass_columns_b,
          glass_columns_a, minmay_manual_mares
D:5:      layout_gridville, zin_purify, minitemple, serial_shops, shop,
          hex_large
D:6:      layout_loops_ring, lemuel_round_altar, serial_shops,
          nicolae_shop_stone, uniq_prince_ribbit1, uniq_pikel, uniq_menkaure,
          uniq_blork_the_orc
D:7:      layout_rooms, kennysheep_little_box, minmay_temple_entry_tees
D:8:      minmay_gate_of_8, layout_loops_ring, minmay_nine_imps
D:9:      layout_gridville, due_lair_maze_entry_diamond, serial_shops,
          shop_coins, kennysheep_nub

Skill      XL: |  1  2  3  4  5  6  7  8  9 10 |
---------------+-------------------------------+-----
Earth Magic    | 3 4 5 7 8 10 11 | 11.2
Spellcasting   | 3 4 5 6 7 9 |  9.6
Dodging        | |  1.7
Stealth        | |  1.4
Transmutations | |  0.8

Action                   |  1- 3 |  4- 6 |  7- 9 | 10-12 || total
-------------------------+-------+-------+-------+-------++-------
Melee: Unarmed           |    10 |       |       |       ||    10
       Mace              |       |       |     8 |       ||     8
 Cast: Sandblast         |    47 |    85 |    14 |       ||   146
       Stone Arrow       |       |    11 |   163 |    31 ||   205
       Passwall          |       |       |       |     1 ||     1
  Use: Scroll            |       |       |     2 |       ||     2
Armor: Robe              |     1 |    12 |     2 |       ||    15
Dodge: Dodged            |     7 |    21 |    43 |     6 ||    77

Table legend: (Time is in decaauts)
 A = Elapsed time spent in this place.
 B = Non-inter-level travel time spent in this place.
 C = Inter-level travel time spent in this place.
 D = Time resting spent in this place.
 E = Time spent auto-exploring this place.
 F = Levels seen in this place.
 G = Mean time per level.
                   A        B        C        D        E       F      G
               +--------+--------+--------+--------+--------+-----+--------+
         Total |   9572 |   9302 |    270 |    476 |   7838 |   9 | 1063.6 |
       Dungeon |   9572 |   9302 |    270 |    476 |   7838 |   9 | 1063.6 |
               +--------+--------+--------+--------+--------+-----+--------+

Top non-repeatable levels by time:
     D:2: 1570 daAuts
     D:5: 1511 daAuts
     D:4: 1382 daAuts
     D:6: 1243 daAuts
     D:8: 1193 daAuts
     D:1: 1074 daAuts
     D:7: 917 daAuts
     D:3: 673 daAuts
     D:9: 5 daAuts
